 Dungeon Crawl Stone Soup version 0.20.1-1-g8b1a95d (webtiles) character file.

138 Linguinho the Chucker (level 5, -4/49 HPs)
             Began as a Troll Hunter on Nov 14, 2017.
             Slain by Sigmund
             ... wielding a +0 scythe
              (6 damage)
             ... on level 3 of the Dungeon.
             The game lasted 00:03:01 (1546 turns).

Linguinho the Chucker (Troll Hunter)                Turns: 1546, Time: 00:03:02

Health: -4/49      AC:  6    Str: 21    XL:     5   Next: 1%
Magic:  4/4        EV: 10    Int:  7    God:
Gold:   181        SH:  0    Dex: 10    Spells: 4/4 levels left

rFire    . . .     SeeInvis .     - Unarmed
rCold    . . .     Gourm    +   (no shield)
rNeg     . . .     Faith    .   b - +0 robe
rPois    .         Spirit   .   (helmet restricted)
rElec    .         Reflect  .   s - +0 cloak
rCorr    .         Harm     .   (gloves unavailable)
MR       .....                  (boots unavailable)
Stlth    +.........             (no amulet)
Regen    0.6/turn               (no ring)
MPRegen  0.1/turn               (no ring)

@: hasted, very quick
A: unfitting armour, claws 3, fast metabolism 3, gourmand, regeneration 1,
shaggy fur 1, tough skin 2
a: no special abilities


You were on level 3 of the Dungeon.
You were completely stuffed.

You visited 1 branch of the dungeon, and saw 3 of its levels.

You collected 181 gold pieces.

Inventory:

Missiles
 c - 3 large rocks (quivered)
 d - 2 throwing nets
Armour
 b - a +0 robe (worn)
 s - a +0 cloak (worn)
Jewellery
 l - an uncursed ring of ice {unknown}
 m - a cursed ring of loudness {unknown}
 n - an uncursed ring of fire {unknown}
Wands
 p - a wand of lightning (7/15)
 u - a wand of confusion (16/48)
Scrolls
 g - a scroll of random uselessness {unknown}
 j - a scroll of fog {unknown}
 k - 5 scrolls of identify {unknown}
 o - 3 scrolls of remove curse {unknown}
 v - a scroll of enchant armour {unknown}
Potions
 i - a potion of berserk rage {unknown}
 r - a potion of brilliance {unknown}
Comestibles
 a - 10 chunks of flesh
 f - 5 bread rations
 h - 2 royal jellies
 t - 2 meat rations


   Skills:
 + Level 1.9 Fighting
 * Level 4.2 Throwing
 + Level 2.0 Dodging
 + Level 0.6 Stealth
 + Level 3.2 Unarmed Combat


You had 4 spell levels left.
You didn't know any spells.

Dungeon Overview and Level Annotations

Branches:
Dungeon (3/15)

Altars:

Annotations:
D:3 Sigmund


Innate Abilities, Weirdness & Mutations

You are too large for most types of armour.
You have claws for hands.
Your metabolism is lightning-fast.
You like to eat raw meat.
Your natural rate of healing is unusually fast.
You are covered in fur. (AC +1)
You have very tough skin. (AC +2)


Message History

Throwing (i - inventory. (,) - cycle):
c - 4 large rocks (quivered)
Press: ? - help, Shift-Dir - straight line, f/p - adder
Aim: an adder You throw a large rock.
The large rock hits the adder!!
You kill the adder!
Your Dodging skill increases to level 2!
You have reached level 5!
The bat hits you. Something hits you!
* * * LOW HITPOINT WARNING * * *
The crimson imp blinks!
Something hits you!
* * * LOW HITPOINT WARNING * * *
Okay, then.
Okay, then.
It was a potion of cancellation.
You feel magically purged. The bat hits you.
* * * LOW HITPOINT WARNING * * *
Unknown command.
It was a potion of haste.
You feel yourself speed up. The bat hits you.
* * * LOW HITPOINT WARNING * * *
The bat hits you but does no damage. Something hits you.
You die...

#..........# ##
#..........# #.
#..........# #.
##........## #.
####..........#
#.
......(.......#
#>
.###..........#
#.
(.....b@..†5..#
#.
..(...........#
######.
....#........##
#...... ...
##......##
#...... .
#....#####
#......
#........#
#..)...
#.##.###.#
#.<...) #. #.#
#.# #÷..... #<
#.. #.# #......


You could see a crimson imp and a bat.

Vanquished Creatures
  A jelly (D:3)
  3 adders
  2 worms
  A dart slug (D:1)
  2 leopard geckos
  An orc (D:3)
  9 bats
  4 giant cockroaches
  6 goblins
  8 hobgoblins
  11 jackals
  A ball python (D:1)
  6 frilled lizards
  6 kobolds
  9 rats
70 creatures vanquished.

Notes
Turn   | Place    | Note
-------+----------+-------------------------------------------
     0 | D:1      | Linguinho the Troll Hunter began the quest for the Orb.
     0 | D:1      | Reached XP level 1. HP: 19/19 MP: 0/0
   134 | D:1      | Reached XP level 2. HP: 28/28 MP: 1/1
   164 | D:1      | Reached skill level 1 in Unarmed Combat
   215 | D:1      | Reached skill level 4 in Throwing
   541 | D:2      | Reached XP level 3. HP: 35/35 MP: 2/2
  1139 | D:2      | Reached XP level 4. HP: 40/42 MP: 3/3
  1366 | D:3      | Found a faded altar of an unknown god.
  1525 | D:3      | Noticed Sigmund
  1544 | D:3      | Reached XP level 5. HP: 18/49 MP: 4/4
  1546 | D:3      | HP: 2/49 [bat (1)]
  1546 | D:3      | Slain by Sigmund

Skill      XL: |  1  2  3  4 |
---------------+-------------+-----
Unarmed Combat | 1 2 3 |  3.2
Throwing       | 4 |  4.2
Dodging        | 2 |  2.0
Fighting       | |  1.9
Stealth        | |  0.6

Action                   |  1- 3 |  4- 6 || total
-------------------------+-------+-------++-------
Melee: Unarmed           |   161 |    54 ||   215
       Short sword       |     2 |       ||     2
       Punch             |     1 |       ||     1
Throw: Large rock        |       |     2 ||     2
  Use: Potion            |       |     2 ||     2
 Stab: Sleeping          |       |     1 ||     1
  Eat: Chunk             |    16 |     4 ||    20
Armor: Robe              |    84 |    34 ||   118
Dodge: Dodged            |    83 |    42 ||   125
